 Dungeon Crawl Stone Soup version 0.16-a0-2622-gbfab2ba (webtiles) character file.

22 Gorice the Magician (level 2, -9/28 HPs)
             Began as a Demonspawn Wanderer on Nov 22, 2014.
             Mangled by a gnoll
             ... wielding a +0 club of chaos
              (11 damage)
             ... on level 2 of the Dungeon.
             The game lasted 00:09:07 (1415 turns).

Gorice the Magician (Demonspawn Wanderer)           Turns: 1415, Time: 00:09:07

Health: -9/28      AC: 21    Str: 12    XL:     2   Next: 68%
Magic:  6/7        EV:  2    Int: 15    God:
Gold:   26         SH:  0    Dex: 10    Spells: 1 memorised, 8 levels left

rFire  . . .     SeeInvis .     v - +2 dagger (venom)
rCold  . . .     Clarity  .     d - melded +0 robe
rNeg   + + +     SustAb   .     (no shield)
rPois  +         Gourm    .     (helmet currently unavailable)
rElec  .         Spirit   .     (cloak currently unavailable)
rCorr  .         Warding  .     (gloves currently unavailable)
rMut   .         NoTele   +     (boots currently unavailable)
MR     .....                    (no amulet)
Stlth  +.........               (no ring)
                                (no ring)

@: lethally poisoned, tree-form, not resistant to hostile enchantments, very
unstealthy
A: powered by death 1
a: no special abilities


You were on level 2 of the Dungeon.
You were not hungry.
You were a tree.
You visited 1 branch of the dungeon, and saw 2 of its levels.

You collected 26 gold pieces.

Inventory:

Hand weapons
 a - a +1 dagger of protection
 e - a cursed -3 mace
 v - a +2 dagger of venom (weapon)
Missiles
 q - 15 poisoned needles
 Z - 36 stones (quivered)
Armour
 d - a +0 robe (melded)
Scrolls
 i - a scroll of amnesia {unknown}
 j - a scroll of fog {unknown}
 p - a scroll of identify {unknown}
Books
 b - Ebbopnur's Disquisition on Gliding Confrontation

   Spells                             Type                      Level
   Shock                              Conjuration/Air              1
   Static Discharge                   Conjuration/Air              3
 g - a book of Minor Magic

   Spells                             Type                      Level
   *Magic Dart                        Conjuration                  1
   Blink                              Translocation                2
   Call Imp                           Summoning                    2
   Repel Missiles                     Charms/Air                   2
   Slow                               Hexes                        2
   Conjure Flame                      Conjuration/Fire             3
   Mephitic Cloud                     Conjuration/Poison/Air       3
Comestibles
 f - a bread ration
 h - a chunk of flesh
 o - 3 meat rations


   Skills:
 + Level 0.1 Short Blades
   Level 1.7 Crossbows
 - Level 1.0 Armour
   Level 1.0 Shields
 - Level 4.2 Spellcasting
 * Level 1.8 Conjurations
   Level 1.0 Hexes
   Level 1.0 Evocations


You had 8 spell levels left.
You knew the following spells:

 Your Spells              Type           Power        Failure   Level  Hunger
a - Magic Dart            Conj           #...         12%         1    None


Dungeon Overview and Level Annotations

Branches:
Dungeon (2/15)

Altars:


Innate Abilities, Weirdness & Mutations

You can steal the life force of nearby defeated enemies.


Message History

The gnoll is moderately wounded.
You see here a leather armour.
Casting: Magic Dart
Confirm with . or Enter, or press ? or * to list all spells.
Aiming: Magic Dart
Press: ? - help, Shift-Dir - straight line, f/p - gnoll
Aim: a gnoll, wielding a club of chaos (heavily wounded, poisoned)
The magic dart hits the gnoll.
The gnoll is severely wounded.
The gnoll hits you with a club of chaos!
* * * LOW HITPOINT WARNING * * *
You are lethally poisoned!
* * * LOW HITPOINT WARNING * * *
You feel sick.
Drink which item? (? for menu, Esc to quit)
You turn into a tree.
Your +0 robe melds into your body.
Your roots penetrate the ground.
* * * LOW HITPOINT WARNING * * *
You feel sick. The gnoll hits you but does no damage.
You are electrocuted!
You die...

####### #.....#
#.###.#######
######..)..g[....#
.........<.♣#####.#
...........# #.#
.#########.# #.#
#.# #.#
#.#####.########
#.##.##..........
#.#......#######..
#.................
##........######..


You could see a gnoll.

Vanquished Creatures
  2 ball pythons (D:1)
  2 hobgoblins
  2 jackals (D:2)
  2 kobolds
  5 bats
  2 giant cockroaches (D:1)
  A giant newt (D:1)
  2 goblins (D:1)
  3 rats (D:1)
21 creatures vanquished.

Notes
Turn   | Place    | Note
--------------------------------------------------------------
     0 | D:1      | Gorice, the Demonspawn Wanderer, began the quest for the Orb.
     0 | D:1      | Gorice set off with: a book of Minor Magic, Ebbopnur's Disquisition on Gliding Confrontation, a potion of lignification, a +0 robe, a +0 club, a bread ration
     0 | D:1      | Reached XP level 1. HP: 13/13 MP: 5/5
     0 | D:1      | Identified Ebbopnur's Disquisition on Gliding Confrontation
     2 | D:1      | Learned a level 1 spell: Magic Dart
   394 | D:1      | Reached skill level 1 in Conjurations
   628 | D:1      | Gained mutation: You can steal the life force of nearby defeated enemies. [demonic ancestry]
   628 | D:1      | Reached XP level 2. HP: 14/19 MP: 2/7
  1415 | D:2      | Mangled by a gnoll

Action                   || total
-------------------------++-------
Melee: Short sword       ||    16
       Dagger            ||    29
Throw: Stone             ||     3
 Cast: Magic Dart        ||    41
  Use: Potion            ||     1
  Eat: Chunk             ||     1
